 Dungeon Crawl Stone Soup version 0.19-a0-1021-g80cc50c (webtiles) character file.

10527 AlphabetPasta the Reanimator (level 11, -8/124 HPs)
             Began as a Demigod Necromancer on July 25, 2016.
             Hit by a large rock thrown by a cyclops (25 damage)
             ... on level 11 of the Dungeon on July 27, 2016.
             The game lasted 01:31:55 (12080 turns).

AlphabetPasta the Reanimator (Demigod Necromancer) Turns: 12080, Time: 01:31:56

Health: -8/124     AC: 25    Str: 11    XL:     11   Next: 15%
Magic:  16/27      EV:  2    Int: 25    God:
Gold:   243        SH:  0    Dex: 16    Spells: 6 memorised, 10 levels left

rFire  + . .     SeeInvis +     P - +0 quarterstaff
rCold  + . .     Gourm    .     (armour currently unavailable)
rNeg   + + +     Faith    .     (shield currently unavailable)
rPois  +         Spirit   .     (helmet currently unavailable)
rElec  +         Dismiss  .     (cloak currently unavailable)
rCorr  +         Reflect  .     (gloves currently unavailable)
SustAt +         Harm     .     (boots currently unavailable)
MR     +....     NoTele   +     (no amulet)
Stlth  ++........               O - ring of see invisible
                                k - ring of flight

@: tree-form, resistant, drained, somewhat resistant to hostile enchantments,
unstealthy
A: high mp 1, sustain attributes
a: no special abilities


You were on level 11 of the Dungeon.
You were not hungry.
You were a tree.
You visited 1 branch of the dungeon, and saw 11 of its levels.
You also visited: Sewer and Ossuary.

You collected 704 gold pieces.
You spent 461 gold pieces at shops.

Inventory:

Hand Weapons
 d - a +1 whip of freezing
 P - a +0 quarterstaff (weapon)
Missiles
 h - 7 poisoned javelins (quivered)
Armour
 a - a +1 robe
 m - a +1 pair of gloves (melded)
 t - a +2 pair of boots (melded)
 v - a +0 helmet (melded)
 M - the +2 leather armour of Urikex (melded) {Regen+ MP+9 Dex+3}
   (You found it on level 8 of the Dungeon)

   It affects your dexterity (+3).
   It affects your magic capacity (+9).
   It increases your rate of regeneration.
 Q - a +0 cloak (melded)
Jewellery
 k - a ring of flight (left branch)
 O - a ring of see invisible (right branch)
Wands
 q - a wand of flame (7/48)
 u - a wand of digging (6/24)
 I - a wand of hasting (6/9)
 N - a wand of iceblast (8/15)
Scrolls
 g - 5 scrolls of teleportation
 n - 7 scrolls of remove curse
 r - 2 scrolls of enchant armour
 y - 2 scrolls of fog
 B - a scroll of recharging
 D - a scroll of enchant weapon
 E - a scroll of blinking
 G - 2 scrolls of fear
 J - 2 scrolls of magic mapping
Potions
 e - a potion of berserk rage
 f - 4 potions of might
 j - a potion of curing
 l - 3 potions of brilliance
 s - 4 potions of haste
 C - 5 potions of flight
 K - a potion of cancellation
 L - a potion of magic
Books
 b - a book of Necromancy

   Spells                             Type                      Level
   a - Pain                           Necromancy                   1
   b - Animate Skeleton               Necromancy                   1
   c - Vampiric Draining              Necromancy                   3
   d - Regeneration                   Charms/Necromancy            3
   e - Animate Dead                   Necromancy                   4
   f - Control Undead                 Necromancy                   4
Comestibles
 c - 3 bread rations
 o - 4 beef jerkies
 p - a chunk of flesh
 x - 6 meat rations
 A - 3 slices of pizza


   Skills:
 - Level 3.8(3.4) Fighting
 + Level 3.0(2.6) Staves
 - Level 3.0(2.6) Armour
 - Level 4.2(3.8) Dodging
 - Level 1.7(1.3) Stealth
 * Level 8.3(7.8) Spellcasting
 * Level 11.9(11.4) Necromancy
 - Level 3.0(2.6) Evocations


You had 10 spell levels left.
You knew the following spells:

 Your Spells              Type           Power        Failure   Level  Hunger
a - Pain                  Necr           ####         1%          1    None
b - Animate Skeleton      Necr           N/A          1%          1    None
c - Vampiric Draining     Necr           ######....   1%          3    None
d - Regeneration          Chrm/Necr      #####.....   1%          3    None
e - Animate Dead          Necr           N/A          1%          4    ##.....
f - Control Undead        Necr           ######....   1%          4    ##.....


Dungeon Overview and Level Annotations

Branches:
Dungeon (11/15)            Temple (0/1) D:6            Lair (0/6) D:8
    Orc (0/2) D:9

Shops:
D:5 ?   D:8 !

Annotations:
D:9 exclusion: 2 centaurs
D:10 Josephine


Innate Abilities, Weirdness & Mutations

You have an increased reservoir of magic. (+10% MP)
Your attributes are resistant to harm.


Message History

It was a potion of cancellation.
You feel magically purged.
It was a potion of lignification.
You turn into a tree.
Your +0 cloak melds into your body.
Your +0 helmet melds into your body.
Your +1 pair of gloves melds into your body.
Your +2 pair of boots melds into your body.
The +2 leather armour of Urikex {Regen+ MP+9 Dex+3} melds into your body.
Your roots penetrate the ground.
The cyclops throws a large rock.
The large rock closely misses your wraith.
The large rock hits you!!
* * * LOW HITPOINT WARNING * * *
It was a potion of resistance.
You feel protected.
The cyclops throws a large rock.
The large rock closely misses your wraith.
The large rock hits you.
* * * LOW HITPOINT WARNING * * *
It was a potion of cure mutation.
It has a very clean taste.
You feel better.
Your wraith hits the cyclops!
The cyclops throws a large rock.
The large rock hits you!!
You die...

..... #..#.#
......##..#.# #
............##.#.
#................
##.....##..#.#....
..........(.....#.##.
###.................. .
......#..#†......... ..
.........(♣........##.##
......#.(#....#.........
..................>....#
.......<...........[....
###CW.##......#.<.......
#.#.. #.##...#....#...#
o #...........[..(... .
#...............#...#
#................ ...


You could see a cyclops and a friendly wraith.

Vanquished Creatures
  A centaur warrior (D:8)
  A hill giant (D:10)
  Pikel (D:4)
  An ugly thing (D:11)
  A komodo dragon (D:10)
  Prince Ribbit (D:8)
  A two-headed ogre (D:10)
  A yak (D:8)
  A hippogriff (D:8)
  A wyvern (D:11)
  Eustachio (D:4)
  A soldier ant (D:11)
  Edmund (D:5)
  6 ice beasts
  7 orc warriors
  5 sky beasts
  A necrophage (D:10)
  A phantom (D:10)
  3 black bears
  6 ogres
  2 wasps (D:10)
  3 centaurs
  2 crocodiles
  3 big kobolds
  4 giant frogs
  2 scorpions
  2 wyvern skeletons
  4 killer bees (D:10)
  4 wights (D:10)
  7 electric eels
  2 howler monkeys
  4 crimson imps
  2 hounds
  A human zombie (Ossuary)
  8 orc priests
  5 iguanas
  13 orc wizards
  Natasha (D:4)
  7 worker ants
  A sheep (D:8)
  A hound skeleton (D:5)
  3 mummies (Ossuary)
  A worker ant zombie (D:5)
  8 gnolls
  2 river rats (D:5)
  16 adders
  2 oozes
  3 adder zombies (Ossuary)
  3 worms
  A dart slug (D:2)
  5 giant geckos
  41 orcs
  5 bats
  7 giant cockroaches
  3 goblins
  7 hobgoblins
  6 jackals
  5 ball pythons
  2 giant gecko skeletons
  A giant gecko zombie (D:7)
  4 giant newts
  4 goblin zombies (Ossuary)
  A hobgoblin zombie (Ossuary)
  22 kobolds
  4 kobold zombies (Ossuary)
  A quokka skeleton (D:4)
  3 quokka zombies (Ossuary)
  6 rats
  2 rat zombies (Ossuary)
288 creatures vanquished.

Vanquished Creatures (collateral kills)
  A hill giant (D:9)
  An elephant (D:8)
  A wraith (D:11)
  Purgy (D:4)
  2 phantoms
  A killer bee (D:11)
  2 crimson imps
  A centaur skeleton (D:7)
  2 giant frog skeletons
  A worker ant (D:11)
  A hound skeleton (D:8)
  A gnoll (D:9)
  A shadow imp (D:8)
  2 oozes
  A worm (D:3)
  A giant gecko (D:4)
  7 orcs
  A giant cockroach (D:3)
  A goblin (D:3)
  A jackal (D:3)
  A giant newt (D:6)
  A kobold (D:3)
32 creatures vanquished.

Vanquished Creatures (others)
  3 slaves (D:4)
  An adder skeleton (D:4)
  2 plants (D:9)
6 creatures vanquished.

Grand Total: 326 creatures vanquished

Notes
Turn   | Place    | Note
-------+----------+-------------------------------------------
     0 | D:1      | AlphabetPasta the Demigod Necromancer began the quest for the Orb.
     0 | D:1      | Reached XP level 1. HP: 14/14 MP: 5/5
    26 | D:1      | Learned a level 1 spell: Animate Skeleton
   424 | D:1      | Reached XP level 2. HP: 19/22 MP: 5/7
   867 | D:2      | Reached skill level 4 in Necromancy
  1093 | D:2      | Reached XP level 3. HP: 23/27 MP: 5/9
  1393 | D:3      | Reached skill level 1 in Fighting
  1398 | D:3      | Learned a level 3 spell: Vampiric Draining
  1421 | D:3      | Reached XP level 4. HP: 16/35 MP: 1/10
  1988 | D:3      | Learned a level 3 spell: Regeneration
  2664 | D:3      | Reached skill level 5 in Necromancy
  2704 | D:4      | Reached XP level 5. HP: 37/40 MP: 5/12
  2763 | D:4      | Noticed Eustachio
  2775 | D:4      | Killed Eustachio
  2866 | D:4      | Reached XP level 6. HP: 43/48 MP: 10/13
  2932 | D:4      | Found a shattered altar of Ashenzari.
  2948 | D:4      | Noticed Pikel
  2963 | D:4      | Killed Pikel
  2963 | D:4      | Reached skill level 6 in Necromancy
  2963 | D:4      | Reached XP level 7. HP: 38/57 MP: 6/16
  2969 | D:4      | Learned a level 4 spell: Animate Dead
  3088 | D:4      | Noticed Purgy
  3094 | D:4      | HP: 2/57 [Purgy (9)]
  3094 | D:4      | Killed Purgy
  3094 | D:4      | Reached skill level 7 in Necromancy
  3458 | D:4      | Found a glowing golden altar of the Shining One.
  3546 | D:4      | Found a radiant altar of Vehumet.
  3622 | D:4      | Noticed Natasha
  3668 | D:4      | Killed Natasha
  3875 | D:5      | Entered Level 5 of the Dungeon
  3882 | D:5      | Reached XP level 8. HP: 54/66 MP: 4/18
  3958 | D:5      | Found a bloodstained altar of Trog.
  3974 | D:5      | Found Silotus's Magic Scroll Shop.
  3983 | D:5      | Bought a scroll of recharging for 123 gold pieces
  3983 | D:5      | Bought a scroll of magic mapping for 45 gold pieces
  3983 | D:5      | Bought a scroll of identify for 26 gold pieces
  3983 | D:5      | Bought a scroll of blinking for 97 gold pieces
  4108 | D:5      | Found a glowing drain.
  4123 | Sewer    | Entered a sewer
  4388 | D:5      | Found a sparkling altar of Nemelex Xobeh.
  4439 | D:5      | Reached skill level 8 in Necromancy
  4678 | D:5      | Reached skill level 5 in Spellcasting
  4872 | D:5      | Noticed Edmund
  4880 | D:5      | Killed Edmund
  5159 | D:6      | Found an oddly glowing altar of Pakellas.
  5169 | D:6      | Found a staircase to the Ecumenical Temple.
  5539 | D:6      | Reached XP level 9. HP: 69/71 MP: 8/20
  5583 | D:6      | Reached skill level 9 in Necromancy
  5613 | D:6      | Found a glowing silver altar of Zin.
  5768 | D:6      | Found a snail-covered altar of Cheibriados.
  5902 | D:7      | Reached skill level 1 in Evocations
  5943 | D:7      | Found a deep blue altar of Sif Muna.
  6643 | D:8      | Found Lyhippog's Distillery.
  6708 | D:8      | Found a sand-covered staircase.
  6744 | Ossuary  | Entered an ossuary
  7000 | D:8      | Found a staircase to the Lair.
  7000 | D:8      | Noticed an elephant
  7101 | D:8      | Killed an elephant
  7236 | D:8      | Reached skill level 10 in Necromancy
  7282 | D:8      | Got a distressingly furry leather armour
  7295 | D:8      | Identified the +2 leather armour of Urikex {Regen+ MP+9 Dex+3} (You found it on level 8 of the Dungeon)
  7305 | D:8      | Bought a potion of berserk rage for 55 gold pieces
  7305 | D:8      | Bought a potion of magic for 88 gold pieces
  7305 | D:8      | Bought a potion of mutation for 27 gold pieces
  7381 | D:8      | Noticed Prince Ribbit
  7389 | D:8      | Killed Prince Ribbit
  7400 | D:8      | Noticed a centaur warrior
  7567 | D:8      | Reached skill level 1 in Armour
  7702 | D:8      | Killed a centaur warrior
  7702 | D:8      | Reached XP level 10. HP: 37/78 MP: 11/23
  8323 | D:9      | Learned a level 4 spell: Control Undead
  8418 | D:9      | Found a shadowy altar of Dithmenos.
  8529 | D:9      | Noticed a hill giant
  8539 | D:9      | Killed a hill giant
  8804 | D:9      | Reached skill level 11 in Necromancy
  9258 | D:9      | Reached skill level 1 in Staves
  9459 | D:9      | Upgraded the game from 0.19-a0-1019-g9c6a58d to 0.19-a0-1021-g80cc50c
  9595 | D:9      | Found a staircase to the Orcish Mines.
 10153 | D:10     | Entered Level 10 of the Dungeon
 11479 | D:11     | Noticed a hill giant
 11496 | D:10     | Killed a hill giant
 11496 | D:10     | Reached XP level 11. HP: 55/83 MP: 6/27
 12006 | D:11     | Noticed Josephine
 12080 | D:11     | Hit by a large rock thrown by a cyclops

Vault maps used:
D:1:      sevenhm_arrival_forest_fort_small_3
D:2:      minmay_liquid_box
D:3:      first_bread, minmay_cupped
D:4:      ashenzari_conservatory_becter, kennysheep_mini_moat, tso_altar,
          uniq_natasha, uniq_eustachio, uniq_pikel, uniq_purgy
D:5:      lightli_temple_of_fire, nemelex_altar_shiori, gup_sewer_entry_bubbles,
          serial_shops, shop, uniq_edmund
D:6:      grunt_pakellas_basics, zin_scriptorium, cheibriados_altar_1
D:7:      nicolae_overflow_crystal_walls
D:8:      david_lair_generic, enter_ossuary_3, serial_shops,
          nicolae_shop_statue_plus, kennysheep_island_fort, uniq_prince_ribbit1
D:9:      david_orc_4, serial_bayou, serial_bayou_lake_a, serial_bayou_pond_a,
          serial_bayou_shore_a, serial_bayou_pond_d, lemuel_centaur_altar
D:11:     minmay_imperfect_grid, uniq_josephine, uniq_snorg
Sewer:    sewer_the_crocodile
Ossuary:  ossuary_minmay_chase

Skill      XL: |  1  2  3  4  5  6  7  8  9 10 11 |
---------------+----------------------------------+-----
Spellcasting   | 2 3 4 5 6 8 |  8.3
Necromancy     | 4 5 6 7 8 10 11 | 11.9
Fighting       | 1 2 3 |  3.8
Dodging        | 2 4 |  4.2
Evocations     | 3 |  3.0
Armour         | 2 3 |  3.0
Staves         | 2 3 |  3.0
Stealth        | |  1.7

Action                   |  1- 3 |  4- 6 |  7- 9 | 10-12 || total
-------------------------+-------+-------+-------+-------++-------
Melee: Whip              |    16 |    35 |   220 |    68 ||   339
       Quarterstaff      |       |       |       |    77 ||    77
Throw: Javelin           |     2 |     1 |    17 |     5 ||    25
 Cast: Pain              |    41 |    80 |   267 |   280 ||   668
       Animate Skeleton  |     9 |    10 |    17 |     6 ||    42
       Vampiric Draining |       |       |    39 |    83 ||   122
       Animate Dead      |       |       |    12 |     1 ||    13
       Regeneration      |       |       |     1 |       ||     1
       Control Undead    |       |       |       |     5 ||     5
Evoke: Wand              |       |       |    26 |    23 ||    49
  Use: Scroll            |       |     9 |    12 |     5 ||    26
       Potion            |       |       |     1 |     7 ||     8
 Stab: Sleeping          |     2 |     1 |     3 |       ||     6
       Distracted        |       |       |     3 |       ||     3
  Eat: Chunk             |     2 |     4 |    12 |    14 ||    32
       Beef jerky        |       |     1 |     1 |       ||     2
       Pizza             |       |       |     1 |       ||     1
       Fruit             |       |       |     1 |     2 ||     3
       Meat ration       |       |       |       |     1 ||     1
Armor: Robe              |     3 |     8 |   120 |       ||   131
       Leather armour    |       |       |     8 |   149 ||   157
Dodge: Dodged            |    24 |    43 |   255 |   256 ||   578
